 Dungeon Crawl Stone Soup version 0.31-a0-455-g1a7b003ef0 (webtiles) character file.

Game seed: 7746647605742189659

4969 Ofeo the Fighter (level 10, -1/123 HPs)
             Began as a Demonspawn Shapeshifter on Aug 3, 2023.
             Slain by a seven-headed hydra (8 damage)
             ... on level 8 of the Dungeon.
             The game lasted 00:09:00 (9430 turns).

Ofeo the Fighter (Demonspawn Shapeshifter)          Turns: 9430, Time: 00:09:00

Health: -1/123     AC:  5    Str: 19    XL:     10   Next: 28%
Magic:  10/10      EV: 14    Int: 11    God:
Gold:   335        SH:  0    Dex: 13    Spells: 9/9 levels left

rFire   . . .        g - +8 spear of Mutilation {speed, *Rage Fragile rCorr Stlth+}
rCold   . . .        (no shield)
rNeg    . . .        h - +0 ring mail of the Griffon {Will+ SInv}
rPois   .            (helmet currently unavailable)
rElec   .            (cloak currently unavailable)
rCorr   +            (gloves currently unavailable)
SInv    +            (boots currently unavailable)
Will    +....        (no amulet) Stlth
                     (no ring)
HPRegen 0.40/turn    (no ring)
MPRegen 0.12/turn

%: random rage (20%)
@: berserking, beast-form, very quick
A: beast (slay +5), claws 1, demonic guardian 1, spiny 2, sturdy frame 1
a: Begin Untransformation


You were on level 8 of the Dungeon.
You were a hulking beast.
You visited 1 branch of the dungeon, and saw 8 of its levels.
You also visited: Ossuary.

You collected 398 gold pieces.
You spent 63 gold pieces at shops.

Inventory:

Hand Weapons
 g - the +8 spear of Mutilation (weapon) {speed, *Rage Fragile rCorr Stlth+}
   (You found it on level 2 of the Dungeon)

   *Rage:     It berserks you when you make melee attacks (+20% chance).
   rCorr:     It protects you from acid and corrosion.
   Fragile:   It will be destroyed if unequipped.
   Stlth:     It makes you more stealthy.
 I - the +10 shortbow of the Crafting Shark {freeze, Str+3}
   (You found it on level 8 of the Dungeon)

   Str:       It affects your strength (+3).
Armour
 a - a +0 animal skin
 h - the +0 ring mail of the Griffon (worn) {Will+ SInv}
   (You found it on level 2 of the Dungeon)

   SInv:      It lets you see invisible.
   Will:      It increases your willpower.
Talismans
 c - a beast talisman (active)
 t - a maw talisman
Wands
 l - a wand of roots (3)
 m - a wand of flame (24)
 o - a wand of paralysis (5)
 p - a wand of mindburst (36)
 s - a wand of digging (8) {@v1}
Scrolls
 d - 5 scrolls of fog
 e - 2 scrolls of immolation
 f - 7 scrolls of teleportation {@r3}
 i - 2 scrolls of identify {@r1}
 j - a scroll of poison
 k - 3 scrolls of enchant armour
 n - 2 scrolls of blinking {@r4}
 v - 4 scrolls of vulnerability {unknown}
 x - a scroll of noise {unknown}
 y - a scroll of revelation {unknown}
 C - a scroll of silence {unknown}
 E - a scroll of summoning
 F - a scroll of amnesia {unknown}
 H - a scroll of fear {unknown}
Potions
 b - 9 potions of lignification
 q - 3 potions of curing {@q1}
 r - 4 potions of mutation {unknown}
 u - a potion of might {unknown}
 w - a potion of berserk rage {unknown}
 z - 2 potions of ambrosia {unknown}
 A - a potion of heal wounds {unknown}
 B - 4 potions of attraction {unknown}
 D - a potion of haste {unknown}
 G - a potion of magic {unknown}


   Skills:
 + Level 8.8 Fighting
 + Level 8.2 Dodging
 - Level 3.2 Unarmed Combat
 + Level 7.3 Shapeshifting


You had 9 spell levels left.
You didn't know any spells.
Your spell library contained the following spells:

 Spells                   Type           Power      Damage    Failure   Level
 Apportation              Tloc           0%         N/A       43%         1
 Magic Dart               Conj           0%         1d3       43%         1
 Necrotise                Necr           0%         1d4       43%         1
 Summon Small Mammal      Summ           0%         N/A       43%         1
 Blink                    Tloc           0%         N/A       56%         2
 Call Imp                 Summ           0%         N/A       56%         2
 Lesser Beckoning         Tloc           0%         N/A       56%         2
 Momentum Strike          Conj/Tloc      0%         3d8       56%         2
 Mephitic Cloud           Conj/Pois/Air  0%         N/A       80%         3
 Ozocubu's Armour         Ice            0%         N/A       80%         3
 Metabolic Englaciation   Hex/Ice        0%         N/A       100%        5
 Simulacrum               Ice/Necr       0%         N/A       100%        6


Dungeon Overview and Level Annotations

Branches:
Dungeon (8/15)             Temple (0/1) D:6         Ossuary (visited)
   Lair: D:8-11

Altars:
Cheibriados
Hepliaklqana
Makhleb
Okawaru
Sif Muna
Yredelemnul

Shops:
D:1 [   D:4 (=*

Annotations:
D:5 3 runed translucent doors, HilariousDeathArtist's ghost, amateur TrHu
D:8 2 runed translucent doors


Innate Abilities, Weirdness & Mutations

You are a hulking beast.
Your limbs bulge with bestial killing power. (Slay +5)
You have sharp fingernails.
A weak demonic guardian rushes to your aid.
You are mostly covered in sharp spines.
Your movements are slightly less encumbered by armour. (ER -2)


Message History

The seven-headed hydra bites you but does no damage.
The seven-headed hydra barely misses you.
The seven-headed hydra bites you!
You take 11 damage, and have 71/82 hp.
You barely miss the seven-headed hydra.
The seven-headed hydra is heavily wounded.
The seven-headed hydra misses you.
The seven-headed hydra barely misses you.
The seven-headed hydra bites you.
The seven-headed hydra completely misses you.
The seven-headed hydra misses you. The seven-headed hydra bites you! x2
You take 24 damage, and have 47/82 hp.
MASSIVE DAMAGE!!
You are too injured to fight recklessly!
You barely miss the seven-headed hydra.
The seven-headed hydra is heavily wounded.
You puncture the seven-headed hydra!
The seven-headed hydra is heavily wounded.
The seven-headed hydra is struck by your spines.
The seven-headed hydra bites you. The seven-headed hydra misses you. x2
The seven-headed hydra bites you!
The seven-headed hydra barely misses you.
The seven-headed hydra closely misses you.
The seven-headed hydra bites you.
You take 20 damage, and have 28/82 hp.
MASSIVE DAMAGE!!
A red film seems to cover your vision as you go berserk!
You feel yourself moving faster!
You feel mighty!
You hit the seven-headed hydra.
The seven-headed hydra is severely wounded.
The seven-headed hydra is struck by your spines.
The seven-headed hydra bites you but does no damage.
The seven-headed hydra bites you!
* * * LOW HITPOINT WARNING * * *
The seven-headed hydra bites you!
* * * LOW HITPOINT WARNING * * *
A demonic guardian appears!
The seven-headed hydra bites you but does no damage.
The seven-headed hydra bites you.
* * * LOW HITPOINT WARNING * * *
The seven-headed hydra bites you!
You die...

## #8....8#.#.#
.# #).....#.#.#
.# #)....(#.#.#
##
#8....8#.#.###
#
###8..8##..).>#
#
+.##++##...)#.#
#
#.........#.#.#
#
#..####5.D#.).#
## ##..#
##.h###.#
.######...#
##.# #.#
..........# #.#
#.# .......#.##
#.# #.#
.....#.#.# #.#
#.# .....#.#.#
#.# #.#
.....#.#.# #.#
#.#######
~......#.# #.#
#.......#
.........###
#.# #.#####.#


You could see a seven-headed hydra (ally target) and a friendly white imp
(summoned).

Vanquished Creatures
  Pikel (D:4)
  A rime drake (shapeshifter) (D:8)
  Grinder (D:3)
  Prince Ribbit (D:8)
  Sigmund (D:3)
  Duvessa (D:6)
  2 sky beasts
  6 orc warriors
  3 black bears
  A hornet zombie (Ossuary)
  An ice beast (D:6)
  A centaur (D:6)
  A phantom (D:5)
  4 lemures (D:4)
  A kobold brigand (D:7)
  A bullfrog (D:7)
  A wyvern zombie (Ossuary)
  2 scorpions (D:5)
  2 water moccasin zombies (Ossuary)
  Dowan (D:6)
  A killer bee (D:8)
  5 hounds
  A jelly (D:7)
  7 centaur zombies (Ossuary)
  5 bullfrog zombies (Ossuary)
  7 orc priests
  A sleepcap (D:5)
  Jessica (D:3)
  Ijyb (D:3)
  Terence (D:3)
  3 iguanas (D:5)
  8 orc wizards
  3 killer bee zombies (Ossuary)
  11 mummies (Ossuary)
  3 howler monkey zombies (Ossuary)
  Robin (D:3)
  11 gnolls
  5 adders
  2 shadow imps
  2 white imps
  2 worms
  3 dart slugs (D:1)
  34 orcs
  5 bats
  8 endoplasms
  4 giant cockroaches
  14 goblins
  12 hobgoblins
  3 jackals (D:5)
  2 quokkas
  2 ball pythons
  5 frilled lizards
  15 kobolds
  5 rats
226 creatures vanquished.

Vanquished Creatures (collateral kills)
  An electric eel (D:7)
1 creature vanquished.

Grand Total: 227 creatures vanquished

Notes
Turn   | Place    | Note
-------+----------+-------------------------------------------
     0 | D:1      | Ofeo the Demonspawn Shapeshifter began the quest for the
                  | Orb.
     0 | D:1      | Reached XP level 1. HP: 15/15 MP: 1/1
   253 | D:1      | Gained mutation: You have sharp fingernails. [demonic
                  | ancestry]
   253 | D:1      | Reached XP level 2. HP: 20/21 MP: 2/2
   816 | D:1      | Found Esash's Antique Armour Boutique.
   872 | D:1      | Gained mutation: You are partially covered in sharp spines.
                  | [demonic ancestry]
   872 | D:1      | Reached XP level 3. HP: 24/26 MP: 3/3
   915 | D:1      | You fall into a shaft and drop 1 floor!
   968 | D:2      | Identified the +0 ring mail of the Griffon {Will+ SInv}
   974 | D:2      | Identified the +8 spear of Mutilation {speed, *Rage Fragile
                  | rCorr Stlth+}
  1436 | D:3      | Noticed Ijyb
  1439 | D:3      | Killed Ijyb
  1440 | D:3      | Reached XP level 4. HP: 33/33 MP: 4/4
  2049 | D:3      | Noticed Terence
  2057 | D:3      | Killed Terence
  2184 | D:3      | Gained mutation: You are mostly covered in sharp spines.
                  | [demonic ancestry]
  2184 | D:3      | Reached XP level 5. HP: 39/39 MP: 5/5
  2271 | D:3      | Noticed Jessica
  2276 | D:3      | Killed Jessica
  2421 | D:3      | Noticed Sigmund
  2421 | D:3      | Noticed Robin
  2435 | D:3      | Killed Robin
  2438 | D:3      | Killed Sigmund
  2439 | D:3      | Gained mutation: A weak demonic guardian rushes to your
                  | aid. [demonic ancestry]
  2439 | D:3      | Reached XP level 6. HP: 48/48 MP: 6/6
  2525 | D:3      | Noticed Grinder
  2534 | D:3      | Killed Grinder
  2535 | D:3      | Reached XP level 7. HP: 54/54 MP: 7/7
  2869 | D:3      | Found an iron altar of Okawaru.
  3193 | D:4      | Found Rijen's Antique Weapon Boutique.
  3424 | D:4      | Noticed Pikel
  3490 | D:4      | Killed Pikel
  3491 | D:4      | Reached skill level 5 in Fighting
  3491 | D:4      | Reached skill level 5 in Dodging
  3491 | D:4      | Reached XP level 8. HP: 46/62 MP: 8/8
  4032 | D:4      | Found Ikhuitiu's Assorted Antiques.
  4041 | D:4      | Bought a scroll labelled KIECUVV GIAVO for 21 gold pieces
  4041 | D:4      | Bought 2 scrolls labelled KIECUVV GIAVO for 42 gold pieces
  4062 | D:4      | Found Daecoi's Jewellery Shoppe.
  4352 | D:4      | Reached skill level 5 in Shapeshifting
  4480 | D:5      | Entered Level 5 of the Dungeon
  4480 | D:5      | Found a runed translucent gate.
  4480 | D:5      | Found a runed translucent gate.
  4480 | D:5      | Found a runed translucent gate.
  5232 | D:5      | Noticed HilariousDeathArtist's ghost (amateur TrHu)
  5579 | D:6      | Found a sand-covered staircase.
  5628 | Ossuary  | Entered an ossuary
  5649 | Ossuary  | Gained mutation: Your movements are slightly less
                  | encumbered by armour. (ER -2) [demonic ancestry]
  5649 | Ossuary  | Reached XP level 9. HP: 71/71 MP: 9/9
  6155 | D:6      | Found a staircase to the Ecumenical Temple.
  6268 | D:6      | Noticed Dowan
  6268 | D:6      | Noticed Duvessa
  6279 | D:6      | Killed Duvessa
  6283 | D:6      | Killed Dowan
  6535 | D:6      | Found a hazy altar of Hepliaklqana.
  6635 | D:6      | Found a shimmering blue altar of Sif Muna.
  7734 | D:7      | Found a basalt altar of Yredelemnul.
  7735 | D:7      | Found a burning altar of Makhleb.
  8251 | D:8      | Noticed Prince Ribbit
  8263 | D:8      | Killed Prince Ribbit
  8418 | D:8      | Reached XP level 10. HP: 71/81 MP: 10/10
  8781 | D:8      | Found a snail-covered altar of Cheibriados.
  8892 | D:8      | Found a large runed translucent door.
  8892 | D:8      | Found a large runed translucent door.
  9048 | D:8      | Found a large runed translucent door.
  9048 | D:8      | Found a large runed translucent door.
  9062 | D:8      | Noticed a harpy
  9065 | D:8      | a harpy changed into a queen bee
  9185 | D:8      | Identified the +10 shortbow of the Crafting Shark {freeze,
                  | Str+3}
  9207 | D:8      | Noticed a two-headed ogre
  9417 | D:8      | Noticed a seven-headed hydra
  9430 | D:8      | Slain by a seven-headed hydra

Illustrated notes

Levels and vault maps discovered:
D:1:      tarquinn_simple_flora_water_c, layout_loops_corners, serial_shops,
          nicolae_shop_tiny_real_fake_doors
D:2:      layout_rooms, chequers_serial_rivers_micro_e
D:3:      layout_basic, lemuel_coloured_pillars_altar, uniq_grinder, uniq_robin,
          uniq_sigmund, uniq_terence, uniq_ijyb, uniq_jessica
D:4:      black_bear_nest_2, layout_layer_cave, serial_shops,
          nicolae_shop_behind_doors, shop, nicolae_stop_n_shop_1, uniq_pikel
D:5:      layout_basic, gammafunk_ghost_icy
D:6:      layout_rooms, nzn_hepliaklqana_mist_gate,
          mainiacjoe_overflow_tiny_flanked, minmay_temple_entry_statues,
          nicolae_ossuary_entry_false_entrances, kennysheep_generic_room_10,
          uniq_duvessa
D:7:      layout_gridville, nicolae_overflow_squiral
D:8:      layout_basic, nicolae_overflow_crystal_walls, special_room
          [special_room_orc], minmay_hollow_rounded_squares,
          uniq_prince_ribbit1, uniq_joseph

Skill      XL: |  1  2  3  4  5  6  7  8  9 10 |
---------------+-------------------------------+-----
Dodging        | 2 3 4 5 6 7 8 |  8.2
Unarmed Combat | 3 |  3.2
Shapeshifting  | 3 4 5 6 7 |  7.3
Fighting       | 2 3 4 5 6 8 |  8.8

Action                     |  1- 3 |  4- 6 |  7- 9 | 10-12 || total
---------------------------+-------+-------+-------+-------++-------
  Melee: Unarmed           |    73 |       |       |       ||    73
         Spear             |    21 |    56 |   293 |    79 ||   449
         Punch             |       |     1 |     9 |       ||    10
    Use: Scroll            |       |       |     8 |       ||     8
   Stab: Sleeping          |     3 |     2 |     8 |       ||    13
 Armour: Animal skin       |    23 |       |       |       ||    23
         Ring mail         |     2 |     6 |    33 |     8 ||    49
  Dodge: Dodged            |    37 |    12 |   107 |    29 ||   185

Table legend: (Time is in decaauts)
 A = Elapsed time spent in this place.
 B = Non-inter-level travel time spent in this place.
 C = Inter-level travel time spent in this place.
 D = Time resting spent in this place.
 E = Time spent auto-exploring this place.
 F = Levels seen in this place.
 G = Mean time per level.
                   A        B        C        D        E       F      G
               +--------+--------+--------+--------+--------+-----+--------+
         Total |   9683 |   9606 |     77 |   1576 |   6695 |   9 | 1075.9 |
       Dungeon |   9222 |   9145 |     77 |   1496 |   6564 |   8 | 1152.8 |
       Ossuary |    461 |    461 |      0 |     80 |    131 |   1 |  461.0 |
               +--------+--------+--------+--------+--------+-----+--------+

Top non-repeatable levels by time:
     D:3: 1738 daAuts
     D:7: 1500 daAuts
     D:4: 1383 daAuts
     D:8: 1271 daAuts
     D:5: 1040 daAuts
     D:1: 912 daAuts
     D:6: 827 daAuts
     D:2: 547 daAuts
 Ossuary: 461 daAuts
